 Dungeon Crawl Stone Soup version 0.15.0-34-g666c3a1 (webtiles) character file.

180425 Rhoefr the Spry (level 18, -6/120 HPs)
             Began as a Kobold Berserker on Sept 14, 2014.
             Was a High Priest of Trog.
             Mangled by a spriggan rider
             ... wielding a +0 spear
             ... led by a spriggan berserker
              (12 damage)
             ... on Level 2 of the Depths on Sept 15, 2014.
             The game lasted 04:12:22 (42702 turns).

Rhoefr the Spry (Kobold Berserker)                 Turns: 42702, Time: 04:12:22

HP  -6/120       AC 24     Str 18      XL: 18   Next: 95%
MP   0/38        EV 29     Int  5      God: Trog [*****.]
Gold 3278        SH 11     Dex 22      Spells:  0 memorised, 17 levels left

rFire  . . .     SeeInvis .     y - +2 demon blade (venom)
rCold  + . .     Clarity  .     C - +4 ring mail {rC+}
rNeg   . . .     rCorr    .     T - +3 buckler {AC+3}
rPois  +         rRot     .     o - +1 helmet
rElec  .         Spirit   +     P - +2 cloak {MR+}
SustAb .         Warding  .     O - +0 pair of gloves
rMut   .         Stasis   .     A - +2 pair of boots
Gourm  .                        L - amulet of guardian spirit
MR     ++...                    K - ring "Wuiquemm" {rPois Str+1 Int+2}
                                V - ring "Cumnywk" {+Blink MP+9 Slay+2}

@: exhausted, hasted and slowed, very resistant to hostile enchantments, very
stealthy
A: carnivore 3, dopey 1, spit poison 1, wild magic 1
a: Spit Poison, Burn Spellbooks, Berserk, Trog's Hand, Brothers in Arms,
Renounce Religion, Evoke Blink


You were on level 2 of the Depths.
You worshipped Trog.
Trog was extremely pleased with you.
You were not hungry.

You visited 5 branches of the dungeon, and saw 31 of its levels.
You also visited: Ice Cave and Volcano.

You collected 4342 gold pieces.
You spent 1064 gold pieces at shops.

Inventory:

Hand weapons
 a - a +10 quick blade
 b - a +5 vampiric cutlass
 y - a +2 demon blade of venom (weapon)
 G - a +4 antimagic long sword
 R - a +4 bastard sword of holy wrath
Missiles
 h - 28 tomahawks of dispersal (quivered)
 u - 27 tomahawks of returning
 U - 5 silver tomahawks
Armour
 o - a +1 helmet (worn)
 A - a +2 pair of boots (worn)
 C - a +4 ring mail of cold resistance (worn)
 N - a +2 animal skin of fire resistance
 O - a +0 pair of gloves (worn)
 P - a +2 cloak of magic resistance (worn)
 Q - a fire dragon hide
 T - a +3 buckler of protection (worn)
Magical devices
 g - a wand of polymorph (14)
 q - a wand of cold (8)
 I - a wand of heal wounds (0)
 M - a wand of fireball (5)
Comestibles
 r - 23 meat rations
 D - 13 royal jellies
Scrolls
 c - 3 scrolls of magic mapping
 d - 3 scrolls of fear
 m - 12 scrolls of teleportation
 n - 12 scrolls of remove curse
 s - 6 scrolls of fog
 w - a scroll of enchant weapon
 x - 2 scrolls of blinking
 B - 2 scrolls of recharging
 Y - a scroll of identify
Jewellery
 t - an uncursed ring of flight
 E - the ring of Satisfaction {+/*Tele Slay+6 Stlth+}
   (You found it on level 8 of the Lair of Beasts)

   [ring of teleportation]

   It causes random teleportation, and can be evoked to teleport at will.
   It affects your accuracy and damage with ranged weapons and melee attacks
   (+6).
   It makes you more stealthy.
 F - an uncursed amulet of resist mutation
 J - an uncursed ring of protection from cold
 K - the ring "Wuiquemm" (right hand) {rPois Str+1 Int+2}
   (You found it on level 10 of the Dungeon)

   [ring of poison resistance]

   It affects your strength (+1).
   It affects your intelligence (+2).
   It protects you from poison.
 L - an amulet of guardian spirit (around neck)
 V - the ring "Cumnywk" (left hand) {+Blink MP+9 Slay+2}
   (You bought it in a shop on level 4 of the Orcish Mines)

   [ring of magical power]

   It affects your accuracy and damage with ranged weapons and melee attacks
   (+2).
   It affects your magic capacity (+9).
   It lets you blink.
 X - an uncursed ring of magical power
Potions
 e - 3 potions of haste
 f - 3 potions of resistance
 i - 4 potions of brilliance
 k - a potion of cure mutation
 l - 3 potions of might
 p - 7 potions of curing
 v - 3 potions of cancellation
 z - 4 potions of agility
 S - a potion of heal wounds
 W - 2 potions of restore abilities
Miscellaneous
 j - a box of beasts {used: 1}
 Z - a phial of floods


   Skills:
 - Level 15.6 Fighting
 + Level 16.8(17.7) Short Blades
 * Level 6.3(9.9) Long Blades
 - Level 12.0 Throwing
 - Level 9.3 Armour
 - Level 16.8 Dodging
 - Level 12.1 Stealth
 - Level 9.1 Shields
 - Level 8.5 Evocations


You had 17 spell levels left.
You didn't know any spells.

Dungeon Overview and Level Annotations

Branches:
Dungeon (15/15)            Temple (0/1) D:7             Orc (4/4) D:11
    Elf (2/3) Orc:3          Lair (8/8) D:11         Shoals (0/5) Lair:4
  Snake (0/5) Lair:5        Slime (0/6) Lair:6       Vaults (0/5) D:13
 Depths (2/5) D:15

Altars:
Dithmenos
Elyvilon
Okawaru
Qazlal
Trog
Xom
Yredelemnul
Zin
Beogh

Shops:
D:7 :   Orc:4 [*(=*

Portals:
Hell: Depths:1 Depths:2
Abyss: Depths:1 Depths:2
Pandemonium: Depths:1

Annotations:
Lair:2 exclusion: oklob plant


Innate Abilities, Weirdness & Mutations

You are small and have problems with some larger weapons.
You are carnivorous and can eat meat at any time.
You are dopey. (Int -2)
You can spit poison.
Your spells are a little harder to cast, but a little more powerful.


Message History

You block the deep troll's attack. The deep troll closely misses you.
Use which ability? (? or * to list)
You don't have enough magic at the moment.
Drink which item? (? for menu, Esc to quit)
You feel much better. The spriggan rider closely misses you.
You block the deep troll's attack. x2
The deep troll barely misses you. The deep troll completely misses you.
The deep troll completely misses you. The deep troll misses you.
Unknown command.
Drink which item? (? for menu, Esc to quit)
You feel yourself speed up.
The spriggan rider hits you from afar with a spear!!
* * * LOW HITPOINT WARNING * * *
The deep troll bites you!!
* * * LOW HITPOINT WARNING * * *
The deep troll claws you but does no damage.
You block the deep troll's attack. x2
The deep troll completely misses you. The deep troll misses you.
The spriggan rider hits you from afar with a spear!
You die...

#......................#
###..........##.....#...#
###..##.........#....###...
#####....##.........#.....##...
#........##..............##....
###.......)................#.....
#...........................#....
###.............=................
###.....##..<)@.....#..........
##..........TT...##..........
#####..........i.............##
#.###)..#.....T..........).).##
###.........................(..#.
#........##.....................[
##...)....#......................
.................................
............###..................


You could see an iron troll, a spriggan rider and 2 deep trolls.

Vanquished Creatures
  Asterion (Depths:1)
  A lich (Depths:1)
  Agnes (Depths:1)
  A tengu reaver (Depths:2)
  Wiglaf (Depths:1)
  3 frost giants
  2 emperor scorpions (Depths:1)
  The ghost of Vidiiot the Spry, a mighty FeAr of Vehumet (Depths:1)
  A very ugly thing (Depths:2)
  A reaper (D:14)
  4 stone giants (Depths:1)
  A dire elephant (Depths:1)
  A yaktaur captain (Depths:2)
  An ettin (Depths:1)
  3 fire dragons
  2 great orbs of eyes
  2 ice dragons (IceCv)
  6 hydras
  A minotaur (Depths:2)
  9 centaur warriors
  A naga warrior (Lair:5)
  2 rakshasas
  Erica (Orc:2)
  3 ogre magi
  2 deep troll shamans
  3 deep troll earth magi
  19 death yaks
  16 deep elf knights
  8 orc high priests (Orc:4)
  Nergalle (Lair:4)
  A fire crab (shapeshifter) (D:13)
  A salamander mystic (Volcano)
  2 catoblepae
  2 iron trolls
  An unseen horror (D:12)
  A wizard (Depths:2)
  8 deep elf summoners
  2 orc knights
  An ice statue (IceCv)
  A lindwurm (shapeshifter) (D:15)
  5 deep trolls
  A red wasp (Lair:8)
  A harpy (shapeshifter) (Depths:1)
  3 deep elf conjurers
  2 wolf spiders (Lair:8)
  3 hill giants
  2 griffons
  7 ugly things
  4 manticores
  5 cyclopes
  7 elephants
  4 salamanders
  A salamander (shapeshifter) (Depths:2)
  A centaur zombie (D:12)
  Maurice (Orc:2)
  7 black mambas
  2 torpor snails
  The ghost of bullock the Thaumaturge, an experienced DESu (D:6)
  4 gargoyles
  A guardian serpent (Lair:8)
  2 molten gargoyles (Volcano)
  A queen ant (Lair:7)
  24 spiny frogs
  A fire drake (Lair:8)
  16 komodo dragons
  A kobold demonologist (D:13)
  9 yaktaurs
  4 guardian mummies (D:14)
  A red devil (Depths:1)
  3 trolls
  6 deep elf priests
  A komodo dragon (shapeshifter) (D:15)
  11 polar bears
  7 two-headed ogres
  A raven (shapeshifter) (D:15)
  A wind drake (shapeshifter) (D:15)
  30 blink frogs
  A catoblepas skeleton (D:11)
  9 slime creatures
  3 basilisks
  3 water elementals (Depths:1)
  A centaur simulacrum (D:14)
  4 wyverns
  24 yaks
  A redback (Elf:1)
  A fire bat (shapeshifter) (D:15)
  20 deep elf magi
  2 fire bats (Volcano)
  5 wraiths
  A trapdoor spider (D:12)
  A neqoxec (Orc:4)
  17 wolves
  4 hogs (D:15)
  4 nagas (Lair:5)
  A hill giant skeleton (D:14)
  3 vampire mosquitoes (D:15)
  2 steam dragons (Lair:8)
  2 hungry ghosts
  16 hippogriffs
  5 mottled dragons
  2 shadows
  7 wargs
  19 deep elf fighters
  17 water moccasins
  12 orc warriors
  21 soldier ants
  8 black bears
  5 boggarts (D:14)
  22 ice beasts
  2 phantoms
  22 ogres
  A sky beast (D:8)
  2 swamp drakes (Lair:8)
  5 spiders
  A boring beetle (D:9)
  8 porcupines
  A manticore zombie (D:9)
  4 yellow wasps
  13 centaurs
  10 crocodiles
  Duvessa (D:9)
  2 big kobolds
  A gnoll sergeant (D:7)
  24 giant frogs
  A warg zombie (Orc:2)
  4 scorpions
  6 wights
  A troll zombie (Orc:2)
  A troll skeleton (D:7)
  23 killer bees
  4 lava snakes (Volcano)
  Dowan (D:9)
  4 crimson imps
  5 electric eels
  A giant frog zombie (D:10)
  3 quasits
  48 orc priests
  10 jellies
  A gnoll shaman (D:4)
  2 centaur skeletons
  15 hounds
  30 orc wizards
  32 worker ants
  An elf skeleton (D:13)
  7 iguanas
  An orange rat (D:9)
  20 sheep
  An ogre skeleton (D:5)
  A big kobold skeleton (D:7)
  5 mummies
  17 gnolls
  24 adders
  59 green rats
  A shadow imp (Depths:1)
  3 giant mites
  2 worms
  4 orc skeletons
  7 giant geckos
  16 oozes
  173 orcs
  13 bats
  16 hobgoblins
  13 jackals
  28 kobolds
  11 quokkas
  2 ball pythons
  3 giant cockroaches
  A giant newt (D:2)
  4 giant spores
  21 goblins
  A goblin skeleton (D:4)
  2 orc simulacra (Orc:2)
  An orc zombie (Orc:2)
  16 rats
  2 rat skeletons
  10 ballistomycetes
  A fungus (Lair:8)
  A plant (D:11)
1320 creatures vanquished.

Vanquished Creatures (collateral kills)
  Kirke (D:15)
  A reaper (D:14)
  2 fire dragons
  An ogre mage (Depths:2)
  A death yak (Depths:2)
  An unseen horror (D:10)
  2 slime creatures (D:12)
  3 deep trolls (Depths:2)
  An ice statue (IceCv)
  2 lindwurms (D:15)
  3 ugly things (Depths:2)
  2 harpies (D:15)
  2 deep elf summoners (Elf:1)
  2 salamanders (Volcano)
  2 elephants
  A spiny frog (Lair:2)
  A demonic crawler (Elf:1)
  A deep elf priest (Elf:2)
  A queen bee (Lair:3)
  A blink frog (Lair:2)
  3 hogs (D:15)
  2 yaks
  A deep elf fighter (Elf:2)
  4 ice beasts
  2 orc warriors
  A swamp drake (Lair:8)
  A big kobold (D:10)
  A hog zombie (D:15)
  2 ogres (Depths:2)
  A giant frog (D:15)
  2 killer bees (Lair:3)
  6 orc priests
  An orc wizard (D:11)
  An iguana (Lair:8)
  2 sheep
  A green rat (Lair:8)
  A shadow imp (D:15)
  8 orcs
  A bat (D:10)
  A kobold (D:10)
  A rat (D:10)
74 creatures vanquished.

Vanquished Creatures (others)
  Josephine (Orc:2)
  A water elemental (Depths:2)
  A deep elf fighter (Elf:2)
  A vampire mosquito (D:15)
  10 ogres
  6 fungi
  2 plants
22 creatures vanquished.

Grand Total: 1416 creatures vanquished

Notes
Turn   | Place    | Note
--------------------------------------------------------------
     0 | D:1      | Rhoefr, the Kobold Berserker, began the quest for the Orb.
     0 | D:1      | Reached XP level 1. HP: 14/14 MP: 1/1
   250 | D:1      | Reached XP level 2. HP: 6/19 MP: 2/2
  1034 | D:1      | Reached XP level 3. HP: 23/23 MP: 3/3
  1485 | D:1      | Acquired Trog's second power
  1575 | D:2      | Found a stormy altar of Qazlal.
  1790 | D:2      | Reached XP level 4. HP: 27/29 MP: 4/4
  1797 | D:2      | Reached skill level 5 in Short Blades
  2035 | D:2      | Found a shimmering altar of Xom.
  2035 | D:2      | Found a basalt altar of Yredelemnul.
  2449 | D:3      | Reached XP level 5. HP: 33/33 MP: 5/5
  2851 | D:3      | Found a white marble altar of Elyvilon.
  3288 | D:3      | Reached skill level 6 in Short Blades
  3296 | D:3      | Reached XP level 6. HP: 39/39 MP: 6/6
  3508 | D:3      | Found a bloodstained altar of Trog.
  4015 | D:4      | Reached skill level 7 in Short Blades
  4060 | D:4      | Reached XP level 7. HP: 44/44 MP: 7/7
  4179 | D:4      | Reached skill level 5 in Dodging
  4183 | D:4      | Reached skill level 5 in Fighting
  4622 | D:4      | Reached skill level 8 in Short Blades
  4693 | D:4      | Acquired Trog's third power
  4889 | D:4      | Reached XP level 8. HP: 50/50 MP: 8/8
  5063 | D:5      | Entered Level 5 of the Dungeon
  5500 | D:5      | Reached skill level 9 in Short Blades
  6469 | D:6      | Noticed bullock's ghost (experienced DESu)
  6486 | D:6      | Killed bullock's ghost
  6486 | D:6      | Reached skill level 10 in Short Blades
  6486 | D:6      | Reached XP level 9. HP: 56/56 MP: 9/9
  7058 | D:6      | Reached skill level 1 in Throwing
  7704 | D:7      | Noticed a polar bear
  7705 | D:7      | Noticed a polar bear
  7705 | D:7      | Noticed a polar bear
  7707 | D:7      | Noticed a polar bear
  7708 | D:7      | Noticed a polar bear
  7939 | D:7      | Found Zaoqucoh's Book Emporium.
  8291 | D:7      | Found a glowing silver altar of Zin.
  8333 | D:7      | Reached skill level 11 in Short Blades
  8384 | D:7      | Found a staircase to the Ecumenical Temple.
  8650 | D:7      | Reached XP level 10. HP: 64/64 MP: 10/10
  9390 | D:8      | Received a gift from Trog
  9568 | D:8      | Reached skill level 5 in Throwing
  9958 | D:9      | Noticed Dowan
  9959 | D:9      | Noticed Duvessa
  9969 | D:9      | Killed Duvessa
  9971 | D:9      | Received a gift from Trog
  9982 | D:9      | Killed Dowan
 10089 | D:9      | Reached skill level 10 in Dodging
 10116 | D:9      | Reached skill level 1 in Stealth
 10127 | D:9      | Received a gift from Trog
 10769 | D:10     | Entered Level 10 of the Dungeon
 10856 | D:10     | Noticed a cyclops
 10871 | D:10     | Killed a cyclops
 10871 | D:10     | Reached XP level 11. HP: 71/71 MP: 11/11
 10889 | D:10     | Killed an unseen horror
 11184 | D:10     | Got an ancient tin ring
 11187 | D:10     | Identified the ring "Wuiquemm" {rPois Str+1 Int+2} (You found it on level 10 of the Dungeon)
 11229 | D:10     | Reached skill level 12 in Short Blades
 11378 | D:10     | Noticed a cyclops
 11389 | D:10     | Killed a cyclops
 11389 | D:10     | Received a gift from Trog
 11389 | D:10     | Reached skill level 10 in Fighting
 11455 | D:11     | Noticed a manticore
 11457 | D:11     | Found a staircase to the Lair.
 11468 | D:11     | Killed a manticore
 11637 | D:11     | Received a gift from Trog
 11836 | D:11     | Noticed a six-headed hydra
 11848 | D:11     | Killed a six-headed hydra
 11937 | D:11     | Reached skill level 5 in Stealth
 12027 | D:11     | Noticed a cyan ugly thing
 12038 | D:11     | Killed a cyan ugly thing
 12228 | D:11     | Found a staircase to the Orcish Mines.
 12300 | D:11     | Found a roughly hewn altar of Beogh.
 12597 | D:12     | Noticed a manticore
 12608 | D:12     | Killed a manticore
 12830 | D:12     | Noticed a hill giant
 12839 | D:12     | Reached XP level 12. HP: 79/79 MP: 12/12
 12850 | D:12     | Killed a hill giant
 12909 | D:12     | Noticed a cyclops
 13004 | D:12     | Killed a cyclops
 13179 | D:12     | Noticed a cyclops
 13186 | D:12     | Killed a cyclops
 13381 | D:12     | Noticed a green ugly thing
 13383 | D:12     | Killed a green ugly thing
 13693 | D:12     | Reached skill level 13 in Short Blades
 13721 | D:12     | Killed an unseen horror
 14010 | Lair:1   | Entered Level 1 of the Lair of Beasts
 14942 | Lair:1   | Reached XP level 13. HP: 86/86 MP: 13/13
 15300 | Lair:2   | Received a gift from Trog
 15666 | Lair:2   | Upgraded the game from 0.15.0-31-geb66e34 to 0.15.0-34-g666c3a1
 15857 | Lair:2   | Reached skill level 14 in Dodging
 15958 | Lair:2   | Received a gift from Trog
 16755 | Lair:3   | Received a gift from Trog
 16785 | Lair:3   | Found a frozen archway.
 16818 | IceCv    | Entered an ice cave
 17693 | Lair:3   | Received a gift from Trog
 17883 | Lair:3   | Reached XP level 14. HP: 94/94 MP: 12/14
 19044 | Lair:4   | Reached skill level 1 in Evocations
 19159 | Lair:4   | Found a staircase to the Shoals.
 19247 | Lair:4   | Reached skill level 10 in Throwing
 19297 | Lair:4   | Received a gift from Trog
 19463 | Lair:4   | Noticed Nergalle
 19477 | Lair:4   | Killed Nergalle
 20463 | Lair:5   | Found a staircase to the Snake Pit.
 20475 | Lair:5   | Reached skill level 10 in Stealth
 20487 | Lair:5   | Reached skill level 15 in Dodging
 21293 | Lair:6   | Reached skill level 5 in Evocations
 21404 | Lair:6   | Received a gift from Trog
 21427 | Lair:6   | Found a staircase to the Slime Pits.
 22086 | Lair:6   | Received a gift from Trog
 22539 | Lair:7   | Reached skill level 15 in Short Blades
 22644 | Lair:7   | Reached XP level 15. HP: 101/101 MP: 24/24
 22964 | Lair:7   | Received a gift from Trog
 23606 | Lair:8   | Entered Level 8 of the Lair of Beasts
 23746 | Lair:8   | Found a dark tunnel.
 23754 | Volcano  | Entered a volcano
 24186 | Volcano  | Found a burning altar of Makhleb.
 24555 | Volcano  | Gained mutation: Your spells are a little harder to cast, but a little more powerful. [potion of beneficial mutation]
 24597 | Lair:8   | Received a gift from Trog
 25511 | Lair:8   | Reached skill level 16 in Dodging
 25552 | Lair:8   | Got a twitching steel ring
 25558 | Lair:8   | Identified the ring of Satisfaction {+/*Tele Slay+6 Stlth+} (You found it on level 8 of the Lair of Beasts)
 25653 | Lair:8   | Reached skill level 15 in Fighting
 25691 | Lair:8   | Received a gift from Trog
 26023 | Lair:8   | Received a gift from Trog
 27043 | Lair:8   | Reached XP level 16. HP: 108/108 MP: 22/27
 27537 | Orc:1    | Entered Level 1 of the Orcish Mines
 27537 | Orc:1    | Found an iron altar of Okawaru.
 27619 | Orc:1    | Found a bloodstained altar of Trog.
 27847 | Orc:2    | Received a gift from Trog
 27972 | Orc:2    | Noticed Maurice
 27985 | Orc:2    | Killed Maurice
 28238 | Orc:3    | Received a gift from Trog
 28784 | Orc:3    | Found a staircase to the Elven Halls.
 28874 | Orc:2    | Noticed Josephine
 28874 | Orc:2    | Noticed Erica
 28901 | Orc:2    | Received a gift from Trog
 29030 | Orc:2    | Killed Josephine
 29061 | Orc:2    | Killed Erica
 29703 | Orc:4    | Entered Level 4 of the Orcish Mines
 30037 | Orc:4    | Found Odik's Assorted Antiques.
 30037 | Orc:4    | Found Jeexarch's Antique Armour Shoppe.
 30105 | Orc:4    | Received a gift from Trog
 30289 | Orc:4    | Found a roughly hewn altar of Beogh.
 30708 | Orc:4    | Found Iwubopp's Jewellery Boutique.
 30708 | Orc:4    | Found Steuno's Antique Weapon Shoppe.
 30722 | Orc:4    | Received a gift from Trog
 30729 | Orc:4    | Gained mutation: You are dopey. (Int -2) [a neqoxec]
 31007 | Orc:4    | Bought the ring "Cumnywk" {+Blink MP+9 Slay+2} for 551 gold pieces
 31072 | Orc:4    | Bought a runed robe for 14 gold pieces
 31072 | Orc:4    | Bought a runed ring mail for 84 gold pieces
 31072 | Orc:4    | Bought an embroidered cloak for 94 gold pieces
 31072 | Orc:4    | Bought a glowing cloak for 94 gold pieces
 31072 | Orc:4    | Bought an embroidered robe for 14 gold pieces
 31477 | Orc:4    | Found Shrawis' General Store.
 31487 | Orc:4    | Bought a scroll of magic mapping for 59 gold pieces
 31487 | Orc:4    | Bought a scroll of identify for 34 gold pieces
 31553 | Orc:4    | Bought a scroll of identify for 60 gold pieces
 31553 | Orc:4    | Bought a scroll of identify for 60 gold pieces
 31689 | Orc:4    | Received a gift from Trog
 31860 | Elf:1    | Entered Level 1 of the Elven Halls
 32230 | Elf:1    | Reached skill level 1 in Shields
 32879 | Elf:1    | Received a gift from Trog
 33318 | Elf:2    | Received a gift from Trog
 34049 | Elf:2    | Reached XP level 17. HP: 114/114 MP: 28/28
 34055 | Elf:2    | Reached skill level 5 in Armour
 34119 | Elf:2    | Received a gift from Trog
 34513 | D:13     | Reached skill level 5 in Shields
 34599 | D:13     | Found a gate to the Vaults.
 37166 | D:15     | Entered Level 15 of the Dungeon
 37354 | D:15     | Received a gift from Trog
 37807 | D:15     | Noticed Kirke
 37831 | D:15     | Received a gift from Trog
 37873 | D:15     | Killed Kirke
 38284 | D:15     | Found a staircase to the Depths.
 38423 | D:15     | Received a gift from Trog
 38731 | Depths:1 | Entered Level 1 of the Depths
 38911 | Depths:1 | Found a one-way gate to the infinite horrors of the Abyss.
 38945 | Depths:1 | Noticed Wiglaf
 39004 | Depths:1 | Killed Wiglaf
 39064 | Depths:1 | Noticed Vidiiot's ghost (mighty FeAr)
 39087 | Depths:1 | Killed Vidiiot's ghost
 39638 | Depths:1 | Got a pitted scale mail
 39653 | Depths:1 | Identified the +3 scale mail "Zograi Cuvups" {Str+1 Int-3} (You found it on level 1 of the Depths)
 39699 | Depths:1 | Found a one-way gate leading to the halls of Pandemonium.
 39722 | Depths:1 | Noticed a lich
 39753 | Depths:1 | Killed a lich
 39753 | Depths:1 | Reached XP level 18. HP: 77/120 MP: 25/29
 40030 | Depths:1 | Noticed Agnes
 40067 | Depths:1 | Killed Agnes
 40092 | Depths:1 | Found a gateway to Hell.
 40567 | Depths:1 | Noticed Asterion
 40807 | Depths:1 | Killed Asterion
 40954 | Depths:1 | Found a shadowy altar of Dithmenos.
 41015 | Depths:1 | Reached skill level 1 in Long Blades
 41059 | Depths:1 | Received a gift from Trog
 41677 | Depths:2 | Gained mutation: You can spit poison. [potion of beneficial mutation]
 42063 | Depths:2 | Reached skill level 5 in Long Blades
 42305 | Depths:2 | Received a gift from Trog
 42523 | Depths:2 | Received a gift from Trog
 42702 | Depths:2 | HP: 6/120 [deep troll (19)]
 42702 | Depths:2 | Mangled by a spriggan rider

Action                   |  1- 3 |  4- 6 |  7- 9 | 10-12 | 13-15 | 16-18 || total
-------------------------+-------+-------+-------+-------+-------+-------++-------
Melee: Short sword       |    81 |   164 |   260 |       |       |       ||   505
       Dagger            |       |       |   219 |   208 |       |       ||   427
       Quick blade       |       |       |       |   523 |  1992 |   767 ||  3282
       Unarmed           |       |       |       |     2 |       |     6 ||     8
       Cutlass           |       |       |       |       |       |  1760 ||  1760
       Demon blade       |       |       |       |       |       |   303 ||   303
Throw: Tomahawk          |       |       |     7 |    19 |     6 |    27 ||    59
Invok: Berserk           |     8 |    12 |    21 |    16 |    18 |    15 ||    90
       Trog's Hand       |       |     3 |     8 |     9 |    17 |    25 ||    62
       Burn Spellbooks   |       |       |     1 |     4 |     1 |     3 ||     9
       Brothers in Arms  |       |       |       |     5 |    11 |     9 ||    25
 Abil: Evoke Flight      |       |       |       |       |     2 |       ||     2
       Evoke Blink       |       |       |       |       |       |     4 ||     4
       Spit Poison       |       |       |       |       |       |     1 ||     1
Evoke: Wand              |       |     2 |       |     3 |    14 |    10 ||    29
       Box of beasts     |       |       |       |       |       |     1 ||     1
       Phial of floods   |       |       |       |       |       |     1 ||     1
  Use: Scroll            |     1 |     7 |    11 |     3 |    14 |    23 ||    59
       Potion            |       |     1 |       |       |     9 |     4 ||    14
 Stab: Sleeping          |     2 |     3 |     2 |    22 |    68 |    50 ||   147
       Distracted        |       |       |     2 |     1 |     3 |    12 ||    18
       Fleeing           |       |       |       |       |     1 |       ||     1
  Eat: Chunk             |     9 |    15 |    39 |    42 |    47 |    81 ||   233
       Beef jerky        |     1 |       |       |       |     3 |     1 ||     5
       Meat ration       |     1 |       |       |       |       |     1 ||     2
       Royal jelly       |       |       |     1 |       |     3 |       ||     4
       Pizza             |       |       |       |       |     1 |     3 ||     4
